 Dungeon Crawl Stone Soup version 0.30-a0-756-gc2185399d4 (webtiles) character file.

Game seed: 348710288300124492

102 DavidChitty2 the Shield-Bearer (level 4, -1/40 HPs)
             Began as a Minotaur Fighter on Feb 9, 2023.
             Slain by Sigmund
             ... wielding a +0 scythe
              (8 damage)
             ... on level 2 of the Dungeon.
             The game lasted 00:02:34 (1123 turns).

DavidChitty2 the Shield-Bearer (Minotaur Fighter)   Turns: 1123, Time: 00:02:34

Health: -1/40      AC: 12    Str: 23    XL:     4   Next: 50%
Magic:  3/3        EV:  7    Int:  5    God:
Gold:   88         SH:  4    Dex:  9    Spells: 3/3 levels left

rFire   . . .      SeeInvis .    a - +0 war axe
rCold   + . .      Faith    .    c - +0 buckler
rNeg    . . .      Spirit   .    m - +0 chain mail
rPois   .          Reflect  .    (helmet restricted)
rElec   .          Harm     .    (no cloak)
rCorr   .          Rampage  .    p - +0 pair of gloves
Will    .....                    f - +1 pair of boots Stlth
                                 (no amulet)
HPRegen 0.26/turn                o - ring of protection from cold
MPRegen 0.08/turn                (no ring)

@: no status effects
A: horns 2, retaliatory headbutt
a: no special abilities


You were on level 2 of the Dungeon.
You visited 1 branch of the dungeon, and saw 2 of its levels.

You collected 88 gold pieces.

Inventory:

Hand Weapons
 a - a +0 war axe (weapon)
Armour
 c - a +0 buckler (worn)
 f - a +1 pair of boots (worn)
   (You found it on level 1 of the Dungeon)
 m - a +0 chain mail (worn)
   (You found it on level 1 of the Dungeon)
 p - a +0 pair of gloves (worn)
   (You found it on level 2 of the Dungeon)
Jewellery
 o - a ring of protection from cold (left hand)
   (You found it on level 1 of the Dungeon)
Scrolls
 g - a scroll of enchant weapon {unknown}
 k - a scroll of poison {unknown}
 l - a scroll of teleportation {unknown}
 n - a scroll of identify {unknown}
Potions
 b - 2 potions of curing {unknown}
 d - a potion of might
 e - a potion of haste {unknown}
 h - 3 potions of heal wounds {unknown}
 i - 2 potions of mutation {unknown}
 j - a potion of cancellation {unknown}


   Skills:
 + Level 4.3 Fighting
 * Level 4.1 Axes
 + Level 4.3 Armour
 + Level 4.3 Shields


You had 3 spell levels left.
You didn't know any spells.
Your spell library was empty.

Dungeon Overview and Level Annotations

Branches:
Dungeon (2/15)

Altars:

Annotations:
D:2 1 runed translucent door, Crazy Yiuf, Sigmund


Innate Abilities, Weirdness & Mutations

You have a pair of horns on your head.
You reflexively headbutt those who attack you in melee.


Message History

The hobgoblin hits you but does no damage.
A frilled lizard comes into view.
The frilled lizard hisses angrily.
You hit something. Your headbutt misses something.
You barely miss the hobgoblin.
You hear some strange, mumbled words.
You are confused.
The hobgoblin barely misses you.
You completely miss something. Your headbutt misses something.
You miss the hobgoblin. Something hits you but does no damage.
The hobgoblin closely misses you. Something hits you but does no damage.
The frilled lizard closely misses you.
You bump into the rock wall.
The frilled lizard bites you.
* * * LOW HITPOINT WARNING * * *
Something hits you but does no damage.
The hobgoblin hits you but does no damage.
You closely miss the frilled lizard. You hit the hobgoblin.
You kill the hobgoblin!
The frilled lizard bites you but does no damage.
Something hits you but does no damage.
The frilled lizard bites you but does no damage.
Unknown command.
Unknown command.
You slash the frilled lizard!
You kill the frilled lizard!
Something hits you.
* * * LOW HITPOINT WARNING * * *
You bump into the rock wall.
Something hits you.
* * * LOW HITPOINT WARNING * * *
You feel less confused.
Unknown command.
Something hits you but does no damage.
You barely miss something. Your headbutt misses something.
Something hits you but does no damage.
You barely miss something. Your headbutt misses something.
Something hits you but does no damage.
You closely miss something.
Unknown command.
You miss something. Something hits you but does no damage.
You completely miss something.
Sigmund appears from thin air!
Reactivating autopickup.
Sigmund hits you with a +0 scythe.
* * * LOW HITPOINT WARNING * * *
You barely miss Sigmund. Your headbutt misses Sigmund.
Sigmund hits you with a +0 scythe!
You die...

#...##### #.......#
#...###.###### #######.##
#..)...# ........#
######.#
######..#########.########
####....................
##..(...........#.#######
#...>...##.....@.....#
....###..##.#.##@†.##.#
##.# #..## #..)......#
##.# #..# #..#.......#
...# #..# #..#..........
...# #..# .........!..###
..# #..##.....).....## .##
#..###...#.#^.#.# .# #..#
#........#..#


You could see Sigmund.

Vanquished Creatures
  An iguana (D:2)
  2 adders (D:2)
  3 worms (D:2)
  A dart slug (D:2)
  6 ball pythons
  2 bats (D:1)
  3 endoplasms
  A goblin (D:1)
  8 hobgoblins
  3 jackals (D:2)
  3 quokkas
  4 frilled lizards
  8 kobolds
  3 rats
48 creatures vanquished.

Notes
Turn   | Place    | Note
-------+----------+-------------------------------------------
     0 | D:1      | DavidChitty2 the Minotaur Fighter began the quest for the
                  | Orb.
     0 | D:1      | Reached XP level 1. HP: 19/19 MP: 0/0
   104 | D:1      | Reached XP level 2. HP: 27/27 MP: 1/1
   660 | D:2      | Found a runed translucent door.
   661 | D:2      | Noticed Crazy Yiuf
   704 | D:2      | Reached XP level 3. HP: 31/33 MP: 2/2
   795 | D:2      | Reached XP level 4. HP: 39/40 MP: 3/3
  1078 | D:2      | Noticed Sigmund
  1123 | D:2      | Slain by Sigmund

Illustrated notes

Levels and vault maps discovered:
D:1:      roderic_octagonal_star, layout_rooms
D:2:      layout_loops_ring, chequers_serial_rivers_large_b, minivault_26,
          chequers_serial_rivers_room_a, minmay_tall_x, uniq_sigmund,
          uniq_crazy_yiuf_cottage

Skill      XL: |  1  2  3  4 |
---------------+-------------+-----
Axes           | 3 4 |  4.1
Armour         | 4 |  4.3
Fighting       | 4 |  4.3
Shields        | 4 |  4.3

Action                     |  1- 3 |  4- 6 || total
---------------------------+-------+-------++-------
  Melee: War axe           |    62 |    47 ||   109
         Headbutt          |    10 |     6 ||    16
 Armour: Scale mail        |    27 |       ||    27
         Chain mail        |    11 |    68 ||    79
  Dodge: Dodged            |    25 |    27 ||    52
  Block: Buckler           |    22 |    17 ||    39

Table legend: (Time is in decaauts)
 A = Elapsed time spent in this place.
 B = Non-inter-level travel time spent in this place.
 C = Inter-level travel time spent in this place.
 D = Time resting spent in this place.
 E = Time spent auto-exploring this place.
 F = Levels seen in this place.
 G = Mean time per level.
                   A        B        C        D        E       F      G
               +--------+--------+--------+--------+--------+-----+--------+
         Total |   1161 |   1108 |     53 |      0 |    772 |   2 |  580.5 |
       Dungeon |   1161 |   1108 |     53 |      0 |    772 |   2 |  580.5 |
               +--------+--------+--------+--------+--------+-----+--------+

Top non-repeatable levels by time:
     D:1: 590 daAuts
     D:2: 570 daAuts
